 Dungeon Crawl Stone Soup version 0.21.0-3-g78d12a8 (webtiles) character file.

522 sankara the Chopper (level 7, -4/64 HPs)
             Began as a Deep Dwarf Fighter on Jan 17, 2018.
             Slain by an orc warrior
             ... wielding a +0 war axe
              (5 damage)
             ... on level 4 of the Dungeon.
             The game lasted 00:09:43 (2794 turns).

sankara the Chopper (Deep Dwarf Fighter)            Turns: 2794, Time: 00:09:44

Health: -4/64      AC:  9    Str: 19    XL:     7   Next: 2%
Magic:  7/7        EV: 12    Int: 11    God:
Gold:   164        SH: 10    Dex: 22    Spells: 6/6 levels left

rFire    . . .     SeeInvis .   a - +0 war axe
rCold    . . .     Gourm    .   c - +0 shield
rNeg     . . .     Faith    .   b - +0 scale mail
rPois    .         Spirit   .   (helmet restricted)
rElec    .         Reflect  .   g - +0 cloak
rCorr    .         Harm     .   q - +0 pair of gloves
MR       +....                  (no boots)
Stlth    ++........             (no amulet)
HPRegen  0.00/turn              s - +3 ring of dexterity
MPRegen  0.10/turn              (no ring)

@: agile, non-regenerating
A: damage resistance, heal wounds, antennae 1, clever 1, sense surroundings 1,
no regeneration
a: Heal Wounds


You were on level 4 of the Dungeon.
You were not hungry.

You visited 1 branch of the dungeon, and saw 4 of its levels.

You collected 164 gold pieces.

Inventory:

Hand Weapons
 a - a +0 war axe (weapon)
Armour
 b - a +0 scale mail (worn)
 c - a +0 shield (worn)
 g - a +0 cloak (worn)
 q - a +0 pair of gloves (worn)
Jewellery
 s - a +3 ring of dexterity (left hand)
Wands
 e - a wand of iceblast (9)
 n - a wand of digging (6)
Scrolls
 h - 6 scrolls of identify {unknown}
 i - 4 scrolls of enchant armour {unknown}
 j - a scroll of amnesia {unknown}
 k - 2 scrolls of remove curse {unknown}
 p - a scroll of enchant weapon {unknown}
 r - a scroll of magic mapping {unknown}
Potions
 m - 2 potions of brilliance
Comestibles
 d - 9 chunks of flesh
 f - 6 rations


   Skills:
 + Level 4.3 Fighting
 * Level 6.1 Axes
 + Level 5.1 Armour
 - Level 3.2 Shields


You had 6 spell levels left.
You didn't know any spells.

Dungeon Overview and Level Annotations

Branches:
Dungeon (4/15)
 Temple: D:4-7

Altars:


Innate Abilities, Weirdness & Mutations

You are resistant to damage.
You can heal yourself by infusing magical energy.
You passively map a small area around you.
You do not regenerate.
You have a pair of small antennae on your head.
Your mind is acute. (Int +2)


Message History

You hit the orc warrior but do no damage.
The orc warrior is heavily wounded.
The orc warrior hits you with a war axe!
* * * LOW HITPOINT WARNING * * *
You hit the orc warrior.
The orc warrior is severely wounded.
You block the orc warrior's attack.
You feel agile all of a sudden. You block the orc warrior's attack.
You hit the orc warrior.
The orc warrior is almost dead.
You block the orc warrior's attack.
You hit the orc warrior.
The orc warrior is almost dead.
The orc warrior hits you with a war axe!
* * * LOW HITPOINT WARNING * * *
You closely miss the orc warrior.
The orc warrior is almost dead.
The orc warrior hits you with a war axe.
You die...

, #.#, , #.# , * , #.#
,, * , #.# * , , * #.#*
, , , , #.# * * * * ,
#.# *, * * * #@# , , #o#
* * * , ###o## *
.#######..o.############
..oo.........))........#
*
########.#############.#
#... , #.# ##### #.# * *
* * * #.#


You could see an orc warrior, an orc priest and an orc.

Vanquished Creatures
  Menkaure (D:4)
  A phantom (D:4)
  The ghost of cirnu the Slasher, an amateur DsGl (D:3)
  A water moccasin skeleton (D:4)
  An orc priest (D:4)
  Jessica (D:2)
  An orc wizard (D:4)
  Robin (D:2)
  4 adders
  A worm (D:3)
  2 dart slugs (D:1)
  A leopard gecko (D:4)
  4 orcs (D:4)
  7 giant cockroaches
  10 goblins
  7 hobgoblins
  8 jackals
  A quokka (D:2)
  2 ball pythons
  5 bats
  2 frilled lizards
  5 kobolds
  A rat (D:1)
68 creatures vanquished.

Notes
Turn   | Place    | Note
-------+----------+-------------------------------------------
     0 | D:1      | sankara the Deep Dwarf Fighter began the quest for the Orb.
     0 | D:1      | Reached XP level 1. HP: 20/20 MP: 1/1
   147 | D:1      | Reached XP level 2. HP: 22/27 MP: 2/2
   405 | D:1      | Reached skill level 3 in Axes
   712 | D:2      | Noticed Robin
   716 | D:2      | Reached XP level 3. HP: 15/34 MP: 3/3
   726 | D:2      | Killed Robin
  1392 | D:2      | Reached XP level 4. HP: 37/42 MP: 4/4
  1773 | D:3      | Noticed cirnu's ghost (amateur DsGl)
  1777 | D:3      | Gained mutation: You have a pair of small antennae on your head. [potion of mutation]
  1777 | D:3      | Gained mutation: Your mind is acute. (Int +2) [potion of mutation]
  1834 | D:3      | Noticed Jessica
  1839 | D:2      | Killed Jessica
  1839 | D:2      | Reached skill level 4 in Axes
  2339 | D:3      | Killed cirnu's ghost
  2339 | D:3      | Reached XP level 5. HP: 19/49 MP: 5/5
  2486 | D:4      | Noticed Menkaure
  2492 | D:4      | Killed Menkaure
  2492 | D:4      | Reached skill level 5 in Axes
  2492 | D:4      | Reached XP level 6. HP: 44/57 MP: 6/6
  2660 | D:4      | Reached skill level 5 in Armour
  2746 | D:4      | Reached skill level 6 in Axes
  2757 | D:4      | Reached XP level 7. HP: 32/64 MP: 7/7
  2793 | D:4      | HP: 1/64 [orc warrior/war axe (10)]
  2794 | D:4      | Slain by an orc warrior

Skill      XL: |  1  2  3  4  5  6 |
---------------+-------------------+-----
Axes           | 3 4 5 6 |  6.1
Fighting       | 3 4 |  4.3
Armour         | 4 5 |  5.1
Shields        | |  3.2

Action                   |  1- 3 |  4- 6 |  7- 9 || total
-------------------------+-------+-------+-------++-------
Melee: War axe           |   161 |   115 |    12 ||   288
  Use: Potion            |     1 |     8 |     1 ||    10
  Eat: Chunk             |     2 |     4 |     1 ||     7
Armor: Scale mail        |    91 |    54 |     1 ||   146
Dodge: Dodged            |    45 |    43 |     1 ||    89
Block: Shield            |    93 |    44 |     7 ||   144
